 Dungeon Crawl Stone Soup version 0.30.0-29-ga12c61a403 (webtiles) character file.

Game seed: 1489665424129972133

310 benadryl the Trooper (level 6, -1/49 HPs)
             Began as a Djinni Ice Elementalist on June 5, 2023.
             Slain by an orc
             ... wielding a +0 morningstar
              (8 damage)
             ... on level 4 of the Dungeon.
             The game lasted 00:03:18 (2744 turns).

benadryl the Trooper (Djinni Ice Elementalist)      Turns: 2744, Time: 00:03:19

Health: -1/49      AC:  3    Str:  7    XL:     6   Next: 69%
Gold:   185        EV: 12    Int: 18    God:
                   SH:  0    Dex: 14

rFire   + + .        c - +2 dagger (venom)
rCold   x . .        (no shield)
rNeg    . . .        a - +0 robe
rPois   ∞            (no helmet)
rElec   .            (no cloak)
rCorr   .            f - +0 pair of gloves
SInv    .            (boots unavailable)
Will    .....        (no amulet)
Stlth   ++           (no ring)
HPRegen 0.28/turn    (no ring)
MPRegen 0.00/turn

%: infuse magic (-2 HP)
@: flying, very slightly contaminated
A: sickness immunity, fire resistance 2, cold vulnerability 1, float, innate
caster, HP casting, extra vitality 1
a: no special abilities


You were on level 4 of the Dungeon.
You visited 1 branch of the dungeon, and saw 4 of its levels.

You collected 185 gold pieces.

Inventory:

Hand Weapons
 c - a +2 dagger of venom (weapon)
 d - a +1 dagger of chaos
Missiles
 e - 5 poisoned darts
Armour
 a - a +0 robe (worn)
 f - a +0 pair of gloves (worn)
Scrolls
 b - 4 scrolls of teleportation
 g - a scroll of poison {unknown}
 h - 2 scrolls of noise
 j - a scroll of enchant weapon
 l - a scroll of vulnerability {unknown}
Potions
 i - a potion of curing {unknown}
 k - a potion of haste {unknown}
 m - a potion of lignification {unknown}
 o - 2 potions of mutation {unknown}
 p - 2 potions of attraction {unknown}


   Skills:
 - Level 5.0 Fighting
 - Level 2.1 Dodging
 - Level 1.5 Stealth
 * Level 4.2 Spellcasting


You knew the following spells:

 Your Spells              Type           Power      Damage    Failure   Level
a - Freeze                Ice            76%        1d8       2%          1
b - Frozen Ramparts       Ice            38%        1d6       8%          3
c - Ozocubu's Armour      Ice            19%        N/A       8%          3
d - Summon Ice Beast      Ice/Summ       19%        N/A       24%         4
e - Foxfire               Conj/Fire      76%        2x1d7     2%          1
f - Lesser Beckoning      Tloc           38%        N/A       3%          2
Your spell library was empty.

Dungeon Overview and Level Annotations

Branches:
Dungeon (4/15)             Temple (0/1) D:4

Altars:


Innate Abilities, Weirdness & Mutations

You are immune to sickness and miasma.
You are immune to poison.
Your flesh is very heat resistant. (rF++)
You are vulnerable to cold. (rC-)
You float through the air rather than walking.
You learn spells naturally, not from books.
Your magical power is your life essence.
You have superior vitality. (+4 MHP)


Message History

The orc wizard looks as sick as possible!
The orc wizard is heavily wounded.
The orc barely misses you.
The orc wizard gestures wildly while chanting.
The orc wizard flickers and vanishes!
Deactivating autopickup; reactivate with Ctrl-A.
You hit the orc.
The orc is poisoned.
The orc is severely wounded.
The orc hits you but does no damage. The orc barely misses you.
The orc priest calls down the wrath of Beogh upon you.
Beogh smites you! Something hits you.
You are too injured to fight recklessly!
You are too injured to fight recklessly!
Unknown command.
Casting: Freeze (safe; 2% risk of failure)
Confirm with . or Enter, or press ? or * to list all spells.
Okay, then.
Casting: Freeze (safe; 2% risk of failure)
Confirm with . or Enter, or press ? or * to list all spells.
You miscast Summon Ice Beast.
You are very lightly contaminated with residual magic.
Nothing appears to happen.
You kill the orc!
Something hits you. The orc misses you. The orc hits you but does no damage.
Something hits you but does no damage.
Reactivating autopickup.
You feel a bit more experienced. The orc closely misses you.
There is an open gate here.
The orc attacks as you move away! The orc barely misses you.
Casting: Summon Ice Beast (quite dangerous; 24% risk of failure)
Confirm with . or Enter, or press ? or * to list all spells.
Casting: Frozen Ramparts (dangerous; 8% risk of failure)
Press: ? - help, Dir - look around, f - activate You miscast Frozen Ramparts.
Nothing appears to happen.
The orc priest mumbles some strange prayers to Beogh against you.
Beogh smites you!
* * * LOW HITPOINT WARNING * * *
The orc hits you with a +0 morningstar!
You die...

....# #..# ..≈≈..#
#..≈≈ ...##
##.##...≈≈..###..≈≈.
.[.#
#..##...≈≈.....≈≈..
...#
#...##...≈≈≈.≈≈≈...
.###
#....##....)).....#
##
#.....##.........##
# #......##♣..o..♣##
# #.......###K''## #
#........@o...# #
############### #


You could see an orc priest, an orc and a kobold.

Vanquished Creatures
  3 scorpions (D:4)
  2 iguanas (D:4)
  An orc wizard (D:4)
  A worm (D:3)
  A dart slug (D:1)
  2 orcs
  3 ball pythons
  5 bats (D:1)
  5 endoplasms
  3 giant cockroaches
  5 hobgoblins
  4 jackals (D:1)
  A kobold (D:3)
  A quokka (D:4)
  A frilled lizard (D:1)
  2 goblins
  9 rats
49 creatures vanquished.

Vanquished Creatures (others)
  A foxfire (D:4)
1 creature vanquished.

Grand Total: 50 creatures vanquished

Notes
Turn   | Place    | Note
-------+----------+-------------------------------------------
     0 | D:1      | benadryl the Djinni Ice Elementalist began the quest for
                  | the Orb.
     0 | D:1      | benadryl set off with the following spells memorised:
                  | Freeze, Frozen Ramparts, Ozocubu's Armour, Summon Ice
                  | Beast.
     0 | D:1      | Reached XP level 1. HP: 15/15 MP: 0/0
   102 | D:1      | Reached skill level 1 in Fighting
   272 | D:1      | Reached XP level 2. HP: 21/22 MP: 0/0
   383 | D:1      | Reached skill level 2 in Fighting
   671 | D:1      | Reached XP level 3. HP: 28/29 MP: 0/0
   671 | D:1      | Learned a level 1 spell: Foxfire
   900 | D:2      | You are sucked into a shaft and drop 1 floor!
  1373 | D:3      | Reached skill level 3 in Fighting
  2006 | D:3      | Reached XP level 4. HP: 34/35 MP: 0/0
  2292 | D:4      | Noticed a scorpion
  2306 | D:4      | Killed a scorpion
  2307 | D:4      | Reached skill level 4 in Fighting
  2307 | D:4      | Reached XP level 5. HP: 36/42 MP: 0/0
  2307 | D:4      | Learned a level 2 spell: Lesser Beckoning
  2451 | D:4      | Reached skill level 5 in Fighting
  2451 | D:4      | Reached XP level 6. HP: 42/49 MP: 0/0
  2549 | D:4      | Found a staircase to the Ecumenical Temple.
  2744 | D:4      | Slain by an orc

Illustrated notes

Levels and vault maps discovered:
D:1:      dpeg_arrival_long_road, layout_rooms, grunt_decor_junction
D:2:      layout_loops_ring, shapermc_ecumenical_altar_petra
D:3:      layout_basic, grunt_ministairs_12
D:4:      layout_rooms, minmay_temple_entry_nine_rooms, kennysheep_donut

Skill      XL: |  1  2  3  4  5  6 |
---------------+-------------------+-----
Fighting       | 1 2 3 4 5 |  5.0
Spellcasting   | 4 |  4.2
Dodging        | |  2.1
Stealth        | |  1.5

Action                     |  1- 3 |  4- 6 || total
---------------------------+-------+-------++-------
  Melee: Unarmed           |    20 |       ||    20
         Dagger            |    57 |    37 ||    94
         Punch             |       |     1 ||     1
   Cast: Freeze            |    40 |     4 ||    44
         Frozen Ramparts   |     1 |     1 ||     2
         Ozocubu's Armour  |       |     1 ||     1
         Foxfire           |       |     1 ||     1
    Use: Scroll            |       |     6 ||     6
   Stab: Sleeping          |     1 |     3 ||     4
 Armour: Robe              |    35 |    10 ||    45
  Dodge: Dodged            |    76 |    20 ||    96
